 Dungeon Crawl Stone Soup version 0.20.1-1-g8b1a95d (webtiles) character file.

1806 empire the Blocker (level 8, -6/64 HPs)
             Began as a Minotaur Fighter on July 31, 2017.
             Was an Initiate of Nemelex Xobeh.
             Killed by divine providence
             ... invoked by an orc priest
              (16 damage)
             ... on level 6 of the Dungeon.
             The game lasted 00:09:48 (6061 turns).

empire the Blocker (Minotaur Fighter)               Turns: 6061, Time: 00:09:49

Health: -6/64      AC:  8    Str: 22    XL:     8   Next: 84%
Magic:  7/7        EV: 11    Int:  5    God:    Nemelex Xobeh [......]
Gold:   247        SH: 15    Dex: 11    Spells: 7/7 levels left

rFire    + . .     SeeInvis .   a - +0 long sword
rCold    x . .     Gourm    .   c - +0 shield
rNeg     . . .     Faith    .   b - +0 scale mail
rPois    .         Spirit   .   (helmet restricted)
rElec    .         Reflect  +   (no cloak)
rCorr    .         Harm     .   (no gloves)
MR       .....                  (no boots)
Stlth    ..........             s - +4 amulet of reflection
Regen    0.2/turn               e - ring of fire
MPRegen  0.1/turn               h - ring of wizardry

@: no status effects
A: retaliatory headbutt, horns 2
a: Renounce Religion


You were on level 6 of the Dungeon.
You worshipped Nemelex Xobeh.
Nemelex Xobeh was noncommittal.
You were not hungry.

You visited 1 branch of the dungeon, and saw 6 of its levels.

You collected 247 gold pieces.

Inventory:

Hand Weapons
 a - a +0 long sword (weapon)
 B - a +3 trident
Armour
 b - a +0 scale mail (worn)
 c - a +0 shield (worn)
Jewellery
 e - a ring of fire (left hand)
 h - a ring of wizardry (right hand)
 s - a +4 amulet of reflection (around neck)
 A - a +2 ring of strength {unknown}
Wands
 d - a wand of random effects (42/48)
 C - a wand of iceblast (8/15)
Scrolls
 j - 5 scrolls of remove curse {unknown}
 k - a scroll of amnesia {unknown}
 l - 4 scrolls of teleportation {unknown}
 m - a scroll of enchant weapon {unknown}
 n - 7 scrolls of identify {unknown}
 q - 2 scrolls of magic mapping {unknown}
 t - 3 scrolls of noise {unknown}
 u - 2 scrolls of random uselessness {unknown}
Potions
 g - a potion of flight
 o - 2 potions of mutation {unknown}
 r - 2 potions of curing
 v - 2 potions of haste {unknown}
Books
 y - Sif Muna's Disquisition on Earthen Changing
   (You found it on level 6 of the Dungeon)

   Spells                             Type                      Level
   a - Beastly Appendage              Transmutation                1
   b - Sticks to Snakes               Transmutation                2
   c - Ignite Poison                  Fire/Transmutation/Poison    3
   d - Blade Hands                    Transmutation                5
   e - Shatter                        Earth                        9
Miscellaneous
 w - a plain deck of destruction
Comestibles
 f - 3 bread rations
 i - 4 royal jellies
 p - 7 fruits
 x - 2 meat rations
 z - a chunk of flesh


   Skills:
 - Level 3.6 Fighting
 + Level 5.3 Long Blades
 - Level 8.2 Armour
 - Level 6.2 Dodging
 - Level 8.6 Shields


You had 7 spell levels left.
You didn't know any spells.

Dungeon Overview and Level Annotations

Branches:
Dungeon (6/15)
 Temple: D:4-7

Altars:
Ashenzari
Cheibriados
Dithmenos
Elyvilon
Gozag
Hepliaklqana
Kikubaaqudgha
Nemelex Xobeh
Qazlal
Uskayaw
Xom
Yredelemnul
The Shining One


Innate Abilities, Weirdness & Mutations

You reflexively headbutt those who attack you in melee.
You have a pair of horns on your head.


Message History

The orc priest is almost dead.
The orc priest calls upon Beogh to heal the orc priest.
The orc priest is healed somewhat.
You block the orc priest's attack.
Unknown command.
You hit the orc priest.
You kill the orc priest!
The orc priest calls down the wrath of Beogh upon you.
Beogh smites you!
* * * LOW HITPOINT WARNING * * *
Unknown command.
You hit the orc priest.
The orc priest is almost dead.
You block the orc priest's attack.
Unknown command.
You closely miss the orc priest. Your headbutt misses the orc priest.
The orc priest is almost dead.
The orc priest mumbles some strange prayers to Beogh against you.
Beogh smites you!
You die...
Your body disappears without a glow.

........#......#
........#..###.#
#########..###.### #####
...........#.....##.....
##########..............
######.<................
........).).........(...
######..........))......
#####......@o(.....
#......<)...... ##
#.............. .##
#.............. ..#
#.#.....##..... ..#
#.####### ##### ..#####
#.# ......####.#
###.....##.#


You could see an orc priest.

Vanquished Creatures
  A wyvern (D:5)
  A water moccasin (D:6)
  An orc warrior (D:6)
  2 ogres
  2 bullfrogs (D:6)
  A scorpion (D:4)
  A crimson imp (D:5)
  2 hounds
  6 orc wizards
  2 orc priests
  2 iguanas
  4 worker ants
  2 hound skeletons
  Robin (D:4)
  8 gnolls (D:4)
  7 adders
  A shadow imp (D:5)
  3 oozes
  A worm (D:3)
  2 dart slugs
  16 orcs
  A ball python (D:3)
  11 bats
  6 giant cockroaches
  15 goblins
  10 hobgoblins
  6 jackals
  3 quokkas
  7 frilled lizards
  A jackal skeleton (D:5)
  6 kobolds
  A leopard gecko skeleton (D:4)
  A quokka skeleton (D:4)
  10 rats
144 creatures vanquished.

Vanquished Creatures (collateral kills)
  Menkaure (D:6)
  A necrophage (D:6)
  An ogre (D:6)
  A wight (D:6)
  A mummy (D:6)
  A shadow imp (D:6)
6 creatures vanquished.

Vanquished Creatures (others)
  2 centaurs (D:5)
  An orc wizard (D:4)
3 creatures vanquished.

Grand Total: 153 creatures vanquished

Notes
Turn   | Place    | Note
-------+----------+-------------------------------------------
     0 | D:1      | empire the Minotaur Fighter began the quest for the Orb.
     0 | D:1      | Reached XP level 1. HP: 19/19 MP: 0/0
   294 | D:1      | Reached XP level 2. HP: 24/26 MP: 1/1
   900 | D:2      | Reached skill level 1 in Dodging
   900 | D:2      | Reached XP level 3. HP: 16/31 MP: 2/2
   906 | D:2      | Found a shimmering altar of Xom.
  1348 | D:2      | Found a hide-covered altar of Uskayaw.
  1348 | D:2      | Found a shattered altar of Ashenzari.
  1349 | D:2      | Found a hazy altar of Hepliaklqana.
  1406 | D:2      | Found a shadowy altar of Dithmenos.
  1753 | D:2      | Found a glowing golden altar of the Shining One.
  1933 | D:3      | Found a snail-covered altar of Cheibriados.
  2135 | D:3      | Reached XP level 4. HP: 36/39 MP: 3/3
  2288 | D:3      | Found an opulent altar of Gozag.
  2794 | D:4      | Reached XP level 5. HP: 11/45 MP: 4/4
  3087 | D:4      | Reached skill level 5 in Dodging
  3125 | D:4      | Noticed an ogre
  3128 | D:4      | Noticed Robin
  3146 | D:4      | Killed Robin
  3229 | D:4      | Killed an ogre
  3229 | D:4      | Reached XP level 6. HP: 27/51 MP: 5/5
  3534 | D:4      | Reached skill level 5 in Armour
  3643 | D:4      | Reached XP level 7. HP: 21/57 MP: 6/6
  3838 | D:4      | Found a sparkling altar of Nemelex Xobeh.
  3974 | D:4      | Became a worshipper of Nemelex Xobeh the Trickster
  4121 | D:5      | Entered Level 5 of the Dungeon
  4123 | D:5      | Received a gift from Nemelex Xobeh
  4139 | D:5      | Found a white marble altar of Elyvilon.
  4271 | D:5      | Found a stormy altar of Qazlal.
  4455 | D:5      | Noticed a wyvern
  4462 | D:5      | Killed a wyvern
  4712 | D:5      | Reached XP level 8. HP: 27/64 MP: 7/7
  4926 | D:6      | Received a gift from Nemelex Xobeh
  4931 | D:6      | Reached skill level 5 in Shields
  4941 | D:6      | Found a transporter.
  4947 | D:6      | Found a transporter.
  4947 | D:6      | Found an ancient bone altar of Kikubaaqudgha.
  4949 | D:6      | Noticed Menkaure
  4958 | D:6      | Found a basalt altar of Yredelemnul.
  4992 | D:6      | Noticed an ice devil
  5001 | D:6      | Killed Menkaure
  5019 | D:6      | Identified Sif Muna's Disquisition on Earthen Changing
  6049 | D:6      | Reached skill level 5 in Long Blades
  6061 | D:6      | Killed from afar by an orc priest

Skill      XL: |  1  2  3  4  5  6  7  8 |
---------------+-------------------------+-----
Long Blades    | 3 4 5 |  5.3
Dodging        | 1 2 4 6 |  6.2
Armour         | 5 8 |  8.2
Shields        | 4 8 |  8.6
Fighting       | |  3.6

Action                   |  1- 3 |  4- 6 |  7- 9 || total
-------------------------+-------+-------+-------++-------
Melee: Long sword        |    97 |   134 |   181 ||   412
       Headbutt          |    12 |    31 |    30 ||    73
Evoke: Deck              |       |       |     5 ||     5
  Use: Potion            |       |       |     6 ||     6
  Eat: Chunk             |     4 |     5 |     8 ||    17
Armor: Scale mail        |    55 |    35 |    57 ||   147
Dodge: Dodged            |    41 |    48 |    69 ||   158
Block: Shield            |    56 |    97 |   150 ||   303
       Reflection        |       |       |     9 ||     9
       Rpst.: Long sword |     8 |    18 |    15 ||    41
